CAL (WIN)
MODESTO NUTS @ CHARLOTTE STONE CRABS
12/09/2045
 
TOP OF THE 1ST
Modesto Nuts batting - Pitching for Charlotte Stone Crabs : RHP Greg Spaulding
Pitching: RHP Greg Spaulding
Batting: SHB Bobby Santor 0-0: Bunted foul
0-1: Ball
1-1: Foul Ball, location: 2F
1-2: Foul Ball, location: 2F
1-2: Ball
2-2: Ball
3-2: Base on Balls
Batting: RHB Steve Waltenbery 0-0: Ball
1-0: Ground out 6-3 (Groundball, 6MS, EV 81.9 MPH)
Bobby Santor to second
Batting: RHB Henry Alvizo 0-0: Foul Ball, location: 2F
0-1: Called Strike
0-2: Ball
1-2: Strikes out looking
Batting: LHB Zack Guillen 0-0: Ground out 4-3 (Groundball, 4, EV 88.1 MPH)
Top of the 1st over - 0 runs, 0 hits, 0 errors, 1 left on base; Modesto 0 - Charlotte 0
BOTTOM OF THE 1ST
Charlotte Stone Crabs batting - Pitching for Modesto Nuts : LHP Kevin Miozza
Pitching: LHP Kevin Miozza
Batting: LHB Jeremy Burton 0-0: Ball
1-0: Called Strike
1-1: Foul Ball, location: 2F
1-2: Foul Ball, location: 2F
1-2: Ball
2-2: Foul Ball, location: 2F
2-2: Fly out, F9 (Flyball, 89M, EV 93.1 MPH)
Batting: RHB Azedine Kirui 0-0: Ball
1-0: Ball
2-0: Ball
3-0: SINGLE (Groundball, 6MD, EV 108.8 MPH)
Batting: RHB David Ward 0-0: Swinging Strike
0-1: Fielders Choice at 2nd, 5-4 (Groundball, 56, EV 86.2 MPH)
Batting: RHB Sesto Carpini 0-0: Ball
David Ward is caught stealing 2nd base 2-4
Bottom of the 1st over - 0 runs, 1 hit, 0 errors, 0 left on base; Modesto 0 - Charlotte 0
TOP OF THE 2ND
Modesto Nuts batting - Pitching for Charlotte Stone Crabs : RHP Greg Spaulding
Batting: RHB Andy Solorzano 0-0: Foul Ball, location: 2F
0-1: Called Strike
0-2: Foul Ball, location: 2F
0-2: Strikes out swinging
Batting: RHB Craig Gomez 0-0: Ground out 5-3 (Groundball, 5L, EV 102.5 MPH)
Pitching: RHP Chris Marino
Batting: RHB Matt Robert 0-0: Called Strike
0-1: Ball
1-1: Ball
2-1: Swinging Strike
2-2: Strikes out looking
Top of the 2nd over - 0 runs, 0 hits, 0 errors, 0 left on base; Modesto 0 - Charlotte 0
BOTTOM OF THE 2ND
Charlotte Stone Crabs batting - Pitching for Modesto Nuts : LHP Kevin Miozza
Batting: RHB Sesto Carpini 0-0: Foul Ball, location: 2F
0-1: Called Strike
0-2: Ground out 5-3 (Groundball, 15, EV 83.8 MPH)
Batting: LHB Darryl Gonnella 0-0: Called Strike
0-1: Ground out 1-3 (Groundball, 23, EV 68.8 MPH)
Batting: RHB Freddy Mullen 0-0: Foul Ball, location: 2F
0-1: Ball
1-1: Ball
2-1: Foul Ball, location: 2F
2-2: Ball
3-2: Strikes out looking
Bottom of the 2nd over - 0 runs, 0 hits, 0 errors, 0 left on base; Modesto 0 - Charlotte 0
TOP OF THE 3RD
Modesto Nuts batting - Pitching for Charlotte Stone Crabs : RHP Chris Marino
Batting: LHB Joe Miller 0-0: Ball
1-0: Ground out U3 (Groundball, 34, EV 103.8 MPH)
Batting: RHB Chris Kinder 0-0: Ball
1-0: Ball
2-0: Ground out 6-3 (Groundball, 6, EV 80.0 MPH)
Batting: SHB Bobby Santor 0-0: Called Strike
0-1: Ball
1-1: Foul Ball, location: 2F
1-2: Foul Ball, location: 2F
1-2: Ball
2-2: Ground out 6-3 (Groundball, 6S, EV 66.9 MPH)
Top of the 3rd over - 0 runs, 0 hits, 0 errors, 0 left on base; Modesto 0 - Charlotte 0
BOTTOM OF THE 3RD
Charlotte Stone Crabs batting - Pitching for Modesto Nuts : LHP Kevin Miozza
Batting: LHB Harris Vink 0-0: Ground out 4-3 (Groundball, 4S, EV 79.4 MPH)
Batting: RHB Jose Arriola 0-0: Ball
1-0: Called Strike
1-1: SOLO HOME RUN (Flyball, 7D, EV 100.0 MPH), Distance : 375 ft
Batting: SHB Josif Popovski 0-0: Ball
1-0: Called Strike
1-1: Ground out 4-3 (Groundball, 4, EV 93.1 MPH)
Batting: LHB Jeremy Burton 0-0: Called Strike
0-1: Fly out, F4 (Popup, 13, EV 83.8 MPH)
Bottom of the 3rd over - 1 run, 1 hit, 0 errors, 0 left on base; Modesto 0 - Charlotte 1
TOP OF THE 4TH
Modesto Nuts batting - Pitching for Charlotte Stone Crabs : RHP Chris Marino
Batting: RHB Steve Waltenbery 0-0: Ball
1-0: Fly out, F6 (Popup, P, EV 76.2 MPH)
Batting: RHB Henry Alvizo 0-0: Called Strike
0-1: Ball
1-1: Foul Ball, location: 2F
1-2: Foul Ball, location: 2F
1-2: Foul Ball, location: 2F
1-2: Ball
2-2: SINGLE (Groundball, 25, EV 68.8 MPH) (infield hit)
Batting: LHB Zack Guillen 0-0: Called Strike
0-1: Foul Ball, location: 2F
0-2: Strikes out swinging
Batting: RHB Andy Solorzano 0-0: Ball
Henry Alvizo steals 2nd base (no throw)
1-0: Ball
2-0: Ball
3-0: Base on Balls
Batting: RHB Craig Gomez 0-0: Foul Ball, location: 2F
0-1: Called Strike
0-2: DOUBLE (Line Drive, 3D, EV 96.2 MPH)
Henry Alvizo scores
Andy Solorzano to third
Runner from 3rd tries for Home, throw by RF and OUT! 9-2
Top of the 4th over - 1 run, 2 hits, 0 errors, 1 left on base; Modesto 1 - Charlotte 1
BOTTOM OF THE 4TH
Charlotte Stone Crabs batting - Pitching for Modesto Nuts : LHP Kevin Miozza
Batting: RHB Azedine Kirui 0-0: Foul Ball, location: 2F
0-1: DOUBLE (Line Drive, 9LM, EV 102.5 MPH)
Batting: RHB David Ward 0-0: Called Strike
0-1: Ball
1-1: Foul Ball, location: 2F
1-2: 2-RUN HOME RUN (Flyball, 78XD, EV 115.0 MPH), Distance : 424 ft
Batting: RHB Sesto Carpini 0-0: Called Strike
0-1: Ground out 4-3 (Groundball, 4, EV 105.0 MPH)
Batting: LHB Darryl Gonnella 0-0: Ball
1-0: Fly out, F7 (Flyball, 7S, EV 90.0 MPH)
Batting: RHB Freddy Mullen 0-0: Called Strike
0-1: Swinging Strike
0-2: SINGLE (Groundball, 4D, EV 105.6 MPH)
Batting: LHB Harris Vink 0-0: Called Strike
0-1: Ball
1-1: Foul Ball, location: 2F
1-2: Ball
2-2: Fly out, F7 (Flyball, 7S, EV 95.6 MPH)
Bottom of the 4th over - 2 runs, 3 hits, 0 errors, 1 left on base; Modesto 1 - Charlotte 3
TOP OF THE 5TH
Modesto Nuts batting - Pitching for Charlotte Stone Crabs : RHP Chris Marino
Batting: RHB Matt Robert 0-0: Ball
1-0: Swinging Strike
1-1: Foul Ball, location: 2F
1-2: TRIPLE (Line Drive, 89XD, EV 111.9 MPH)
Batting: LHB Joe Miller 0-0: Called Strike
0-1: DOUBLE (Groundball, 3L, EV 98.8 MPH)
Matt Robert scores
Batting: RHB Chris Kinder 0-0: Ball
1-0: Ball
2-0: Foul Ball, location: 2F
2-1: Called Strike
2-2: Ball
3-2: DOUBLE (Flyball, 8RXD, EV 100.0 MPH)
Joe Miller scores
Pitching: LHP Brian Kelly
Batting: SHB Bobby Santor 0-0: Called Strike
0-1: Ball
1-1: Called Strike
1-2: 2-RUN HOME RUN (Flyball, 78XD, EV 106.9 MPH), Distance : 441 ft
Batting: RHB Steve Waltenbery 0-0: Ball
1-0: Ball
2-0: Called Strike
2-1: Swinging Strike
2-2: Ball
3-2: Foul Ball, location: 2F
3-2: Strikes out swinging
Batting: RHB Henry Alvizo 0-0: Called Strike
0-1: Ball
1-1: SINGLE (Groundball, 34D, EV 101.2 MPH)
Batting: LHB Zack Guillen 0-0: Called Strike
0-1: Foul Ball, location: 2F
0-2: Ball
1-2: Ball
2-2: Foul Ball, location: 2F
2-2: Foul Ball, location: 2F
2-2: Ball
3-2: Strikes out swinging
Batting: RHB Andy Solorzano 0-0: Ball
1-0: Ball
2-0: SINGLE (Line Drive, 8LS, EV 106.2 MPH)
Henry Alvizo to second
Batting: RHB Craig Gomez 0-0: Ball
Wild Pitch!
Henry Alvizo to third
Andy Solorzano to second
1-0: Called Strike
1-1: Ball
2-1: Foul Ball, location: 2F
2-2: Strikes out swinging
Top of the 5th over - 4 runs, 6 hits, 0 errors, 2 left on base; Modesto 5 - Charlotte 3
BOTTOM OF THE 5TH
Charlotte Stone Crabs batting - Pitching for Modesto Nuts : LHP Kevin Miozza
Batting: RHB Jose Arriola 0-0: Swinging Strike
0-1: Swinging Strike
0-2: Strikes out looking
Batting: SHB Josif Popovski 0-0: Called Strike
0-1: Ball
1-1: Foul Ball, location: 2F
1-2: TRIPLE (Flyball, 9D, EV 101.9 MPH)
Batting: LHB Jeremy Burton 0-0: Ball
1-0: Called Strike
1-1: Ball
Steal of home, Josif Popovski is out
2-1: Foul Ball, location: 2F
2-2: Ground out 6-3 (Groundball, 6, EV 108.1 MPH)
Bottom of the 5th over - 0 runs, 1 hit, 0 errors, 0 left on base; Modesto 5 - Charlotte 3
TOP OF THE 6TH
Modesto Nuts batting - Pitching for Charlotte Stone Crabs : LHP Brian Kelly
Batting: RHB Matt Robert 0-0: Called Strike
0-1: Foul Ball, location: 2F
0-2: Strikes out swinging
Pitching: LHP Bennett Mele
Batting: LHB Joe Miller 0-0: Called Strike
0-1: Foul Ball, location: 2F
0-2: Foul Ball, location: 2F
0-2: Ball
1-2: Ball
2-2: Ball
3-2: Foul Ball, location: 2F
3-2: Ground out 4-3 (Groundball, 4, EV 105.0 MPH)
Batting: RHB Chris Kinder 0-0: Ball
1-0: Foul Ball, location: 2F
1-1: Ball
2-1: Swinging Strike
2-2: Foul Ball, location: 2F
2-2: Ball
3-2: Strikes out looking
Top of the 6th over - 0 runs, 0 hits, 0 errors, 0 left on base; Modesto 5 - Charlotte 3
BOTTOM OF THE 6TH
Charlotte Stone Crabs batting - Pitching for Modesto Nuts : LHP Kevin Miozza
Batting: RHB Azedine Kirui 0-0: Ball
1-0: Ground out 6-3 (Groundball, 6, EV 81.9 MPH)
Batting: RHB David Ward 0-0: Fly out, F7 (Flyball, 7LM, EV 90.6 MPH)
Batting: RHB Sesto Carpini 0-0: Ball
1-0: Foul Ball, location: 2F
1-1: Ball
2-1: Foul Ball, location: 2F
2-2: Strikes out swinging
Bottom of the 6th over - 0 runs, 0 hits, 0 errors, 0 left on base; Modesto 5 - Charlotte 3
TOP OF THE 7TH
Modesto Nuts batting - Pitching for Charlotte Stone Crabs : LHP Bennett Mele
Pitching: RHP Jesse Rosa
Batting: SHB Bobby Santor 0-0: Called Strike
0-1: Swinging Strike
0-2: Ball
1-2: Ball
2-2: Ball
3-2: Foul Ball, location: 2F
3-2: Base on Balls
Batting: RHB Steve Waltenbery 0-0: Sac Bunt to 13S - play at first, batter OUT! 1-3
Bobby Santor to second
Batting: RHB Henry Alvizo 0-0: Foul Ball, location: 2F
0-1: Ball
1-1: Swinging Strike
1-2: Ball
2-2: Strikes out swinging
Batting: LHB Zack Guillen 0-0: Foul Ball, location: 2F
0-1: Ball
1-1: Ball
2-1: Foul Ball, location: 2F
2-2: Foul Ball, location: 2F
2-2: Strikes out swinging
Top of the 7th over - 0 runs, 0 hits, 0 errors, 1 left on base; Modesto 5 - Charlotte 3
BOTTOM OF THE 7TH
Charlotte Stone Crabs batting - Pitching for Modesto Nuts : LHP Kevin Miozza
Batting: LHB Darryl Gonnella 0-0: Called Strike
0-1: Fly out, F4 (Popup, 34, EV 71.9 MPH)
Batting: RHB Freddy Mullen 0-0: Ball
1-0: Ball
2-0: Foul Ball, location: 2F
2-1: Foul Ball, location: 2F
2-2: Foul Ball, location: 2F
2-2: Foul Ball, location: 2F
2-2: Foul Ball, location: 2F
2-2: Strikes out swinging
Pitching: LHP Ryan Morlan
Batting: LHB Harris Vink 0-0: Ball
1-0: Swinging Strike
1-1: Ball
2-1: Swinging Strike
2-2: Strikes out looking
Bottom of the 7th over - 0 runs, 0 hits, 0 errors, 0 left on base; Modesto 5 - Charlotte 3
TOP OF THE 8TH
Modesto Nuts batting - Pitching for Charlotte Stone Crabs : RHP Jesse Rosa
Batting: RHB Andy Solorzano 0-0: Ball
1-0: Foul Ball, location: 2F
1-1: Swinging Strike
1-2: Hit by Pitch
Batting: RHB Craig Gomez 0-0: Ball
1-0: Ball
2-0: Ball
3-0: Called Strike
3-1: Called Strike
3-2: Foul Ball, location: 2F
3-2: Strikes out swinging
Batting: RHB Matt Robert 0-0: Called Strike
0-1: Foul Ball, location: 2F
0-2: Foul Ball, location: 2F
0-2: Ball
1-2: Strikes out looking
Batting: LHB Joe Miller 0-0: Ball
1-0: Ground out 4-3 (Groundball, 4S, EV 71.9 MPH)
Top of the 8th over - 0 runs, 0 hits, 0 errors, 1 left on base; Modesto 5 - Charlotte 3
BOTTOM OF THE 8TH
Charlotte Stone Crabs batting - Pitching for Modesto Nuts : LHP Ryan Morlan
Batting: RHB Jose Arriola 0-0: Ball
1-0: Ball
2-0: Called Strike
2-1: Ground out 5-3 (Groundball, 5, EV 100.6 MPH)
Batting: SHB Josif Popovski 0-0: Ground out 4-3 (Groundball, 4, EV 80.6 MPH)
Pinch Hitting: SHB Wayne Hattan 0-0: Ball
1-0: Called Strike
1-1: Foul Ball, location: 2F
1-2: Ball
2-2: Ball
3-2: Hit by Pitch
Batting: RHB Azedine Kirui 0-0: Foul Ball, location: 2F
0-1: Foul Ball, location: 2F
0-2: Foul Ball, location: 2F
0-2: Foul Ball, location: 2F
0-2: Ball
1-2: Hit by Pitch
Wayne Hattan to second
Batting: RHB David Ward 0-0: Foul Ball, location: 2F
0-1: SINGLE (Line Drive, 7LS, EV 100.0 MPH)
Wayne Hattan to third
Azedine Kirui to second
Batting: RHB Sesto Carpini 0-0: Foul Ball, location: 2F
0-1: Swinging Strike
0-2: Strikes out swinging
Bottom of the 8th over - 0 runs, 1 hit, 0 errors, 3 left on base; Modesto 5 - Charlotte 3
TOP OF THE 9TH
Modesto Nuts batting - Pitching for Charlotte Stone Crabs : RHP Jesse Rosa
Pitching: RHP Josh McMahan
Now in CF: Julio Hernandez
Batting: RHB Chris Kinder 0-0: Ball
1-0: Ball
2-0: Called Strike
2-1: Called Strike
2-2: Strikes out swinging
Batting: SHB Bobby Santor 0-0: Ball
1-0: Called Strike
1-1: Foul Ball, location: 2F
1-2: Ball
2-2: Ball
3-2: Foul Ball, location: 2F
3-2: Foul Ball, location: 2F
3-2: Foul Ball, location: 2F
3-2: Base on Balls
Batting: RHB Steve Waltenbery 0-0: Called Strike
0-1: Hit by Pitch
Bobby Santor to second
Batting: RHB Henry Alvizo 0-0: Fly out, F8 (Line Drive, 8LD, EV 96.9 MPH)
Batting: LHB Zack Guillen 0-0: Called Strike
0-1: Ball
1-1: Foul Ball, location: 2F
1-2: Ball
2-2: Foul Ball, location: 2F
2-2: Foul Ball, location: 2F
2-2: Ball
3-2: Fly out, F7 (Flyball, 78S, EV 85.0 MPH)
Top of the 9th over - 0 runs, 0 hits, 0 errors, 2 left on base; Modesto 5 - Charlotte 3
BOTTOM OF THE 9TH
Charlotte Stone Crabs batting - Pitching for Modesto Nuts : LHP Ryan Morlan
Pitching: RHP Jim Butler
Batting: LHB Darryl Gonnella 0-0: Ball
1-0: Fly out, F8 (Line Drive, 8RM, EV 91.9 MPH)
Batting: RHB Freddy Mullen 0-0: Ball
1-0: Foul Ball, location: 2F
1-1: Foul Ball, location: 2F
1-2: Strikes out swinging
Batting: LHB Harris Vink 0-0: Ball
1-0: Ball
2-0: Called Strike
2-1: Called Strike
2-2: Fly out, F5 (Popup, 25F, EV 88.8 MPH)
Bottom of the 9th over - 0 runs, 0 hits, 0 errors, 0 left on base; Modesto 5 - Charlotte 3
Wednesday, June 22nd , 2022 - OOTP Baseball 23.4 Build 64